 Dungeon Crawl Stone Soup version 0.30-a0-743-gbfdf073431 (webtiles) character file.

Game seed: 11191403275129522381

184174 Khashishi the Unseen (level 18, -12/180 HPs)
             Began as a Naga Enchanter on Feb 7, 2023.
             Was the Champion of Dithmenos.
             Killed by the raging water
             ... invoked by a water nymph
              (36 damage)
             ... on level 2 of the Shoals on Feb 8, 2023.
             The game lasted 03:44:12 (26394 turns).

Khashishi the Unseen (Naga Enchanter)              Turns: 26394, Time: 03:44:13

Health: -12/180    AC: 29    Str: 11    XL:     18   Next: 0%
Magic:  4/31       EV:  9    Int: 30    God:    Dithmenos [******]
Gold:   2948       SH: 14    Dex: 19    Spells: 8/35 levels left

rFire   + + .      SeeInvis +    b - +9 lance "Wyrmbane" {slay drac, rPois rF+ rC+ AC+3}
rCold   + . .      Faith    .    u - +2 kite shield {AC+3}
rNeg    . . .      Spirit   .    o - +0 troll leather armour
rPois   +          Reflect  .    s - +0 helmet
rElec   .          Harm     .    U - +1 cloak {rCorr}
rCorr   +          Rampage  .    r - +1 pair of gloves
Will    ++...                    g - +2 barding Stlth *******+++
                                 j - amulet of Soheit {Acrobat *Corrode Int+7}
HPRegen 1.30/turn                d - ring of protection from cold
MPRegen 0.22/turn                A - ring "Nysm" {rF+ rC- Int+2 Dex+5 Stlth+}

@: afraid, wreathed by umbra, studying 3 skills, very slow
A: AC +6, large, see invisible, deformed body, poison resistance, slowness 2,
spit poison 1, naga tail 2
}: 1/15 runes: gossamer
a: Spit Poison, Renounce Religion, Shadow Step, Shadow Form


You were on level 2 of the Shoals.
You worshipped Dithmenos.
Dithmenos was exalted by your worship.
You visited 6 branches of the dungeon, and saw 29 of its levels.
You also visited: Gauntlet.

You collected 3992 gold pieces.
You spent 1044 gold pieces at shops.

Inventory:

Hand Weapons
 a - a +4 dagger of speed
 b - the +9 lance "Wyrmbane" (weapon) {slay drac, rPois rF+ rC+ AC+3}
   (You found it on level 8 of the Dungeon)

   AC:        It affects your AC (+3).
   rF:        It protects you from fire.
   rC:        It protects you from cold.
   rPois:     It protects you from poison.
 y - a +7 vampiric broad axe
Missiles
 k - 2 throwing nets
Armour
 g - a +2 barding (worn)
 o - a +0 troll leather armour (worn)
 r - a +1 pair of gloves (worn)
 s - a +0 helmet (worn)
 u - a +2 kite shield of protection (worn)
 K - an orb of mayhem
 U - a +1 cloak of preservation (worn)
 X - a scarf of resistance
Jewellery
 d - a ring of protection from cold (left hand)
 j - the amulet of Soheit (around neck) {Acrobat *Corrode Int+7}
   (You found it in a Gauntlet)

   [amulet of the acrobat]

   It increases your evasion while moving and waiting.
   Int:       It affects your intelligence (+7).
   *Corrode:  It may corrode you when you take damage.
 m - the ring of Waefex {Will+ Int-4 Dex+6}
   (You found it in a Gauntlet)

   [ring of willpower]

   Int:       It affects your intelligence (-4).
   Dex:       It affects your dexterity (+6).
   Will:      It increases your willpower.
 z - a ring of resist corrosion
 A - the ring "Nysm" (right hand) {rF+ rC- Int+2 Dex+5 Stlth+}
   (You found it on level 1 of the Spider Nest)

   [ring of protection from fire]

   Int:       It affects your intelligence (+2).
   Dex:       It affects your dexterity (+5).
   rF:        It protects you from fire.
   rC:        It makes you vulnerable to cold.
   Stlth:     It makes you more stealthy.
Wands
 i - a wand of quicksilver (21)
 v - a wand of flame (19)
 w - a wand of polymorph (28)
 J - a wand of digging (7)
 P - a wand of charming (10)
 Q - a wand of mindburst (33)
 S - a wand of iceblast (15)
Scrolls
 e - a scroll of poison
 f - a scroll of amnesia
 h - 7 scrolls of teleportation
 l - 2 scrolls of immolation
 t - 7 scrolls of fog
 x - 2 scrolls of silence
 B - 4 scrolls of fear
 G - 5 scrolls of magic mapping
 W - 4 scrolls of summoning
 Y - 2 scrolls of blinking
Potions
 n - 3 potions of haste
 p - 2 potions of brilliance
 q - 4 potions of curing
 D - 2 potions of cancellation
 E - a potion of berserk rage
 F - a potion of resistance
 H - 7 potions of might
 I - 9 potions of ambrosia
 L - 3 potions of lignification
 N - 5 potions of mutation
 O - 2 potions of flight
 R - 3 potions of attraction
 T - a potion of magic
Miscellaneous
 c - a lightning rod (4/4)
 M - a phantom mirror
 V - a condenser vane
 Z - a box of beasts


   Skills:
 - Level 15.6 Fighting
 - Level 4.0 Short Blades
 - Level 5.7(9.8) Axes
 - Level 12.3(12.9) Polearms
 + Level 8.6 Armour
 - Level 5.0 Dodging
 + Level 20.4 Stealth
 - Level 8.5 Shields
 + Level 9.2 Spellcasting
 - Level 2.0 Conjurations
 + Level 14.4 Hexes
 - Level 2.0 Translocations
 - Level 2.0 Fire Magic
 - Level 2.0 Ice Magic
 - Level 5.4 Evocations


You had 8 spell levels left.
You knew the following spells:

 Your Spells              Type           Power      Damage    Failure   Level
a - Ensorcelled Hibernat  Hex/Ice        100%       N/A       1%          2
b - Confusing Touch       Hex            79%        N/A       1%          3
c - Tukima's Dance        Hex            79%        N/A       1%          3
d - Dazzling Flash        Conj/Hex       100%       N/A       1%          3
e - Blink                 Tloc           52%        N/A       6%          2
f - Inner Flame           Hex/Fire       59%        N/A       1%          3
g - Fulminant Prism       Conj/Hex       29%        3d14      3%          4
E - Enfeeble              Hex            39%        N/A       21%         7

Your spell library contained the following spells:

 Spells                   Type           Power      Damage    Failure   Level
 Portal Projectile        Hex/Tloc       100%       N/A       1%          3
 Apportation              Tloc           52%        N/A       4%          1
 Freeze                   Ice            100%       1d10      4%          1
 Lesser Beckoning         Tloc           52%        N/A       6%          2
 Momentum Strike          Conj/Tloc      52%        3d9       6%          2
 Beastly Appendage        Tmut           26%        N/A       10%         1
 Necrotise                Necr           52%        1d6       10%         1
 Summon Small Mammal      Summ           52%        N/A       10%         1
 Static Discharge         Conj/Air       38%        2-4/arc   10%         2
 Frozen Ramparts          Ice            50%        1d8       12%         3
 Gell's Gravitas          Tloc           26%        N/A       12%         3
 Hailstorm                Conj/Ice       25%        3d7       12%         3
 Teleport Other           Tloc           26%        N/A       12%         3
 Silence                  Hex/Air        27%        N/A       13%         5
 Summon Mana Viper        Hex/Summ       55%        N/A       13%         5
 Sublimation of Blood     Necr           13%        N/A       14%         2
 Wereblood                Tmut           13%        N/A       14%         2
 Kindle Blastsparks       Fire/Tloc/Air  44%        2d13      16%         3
 Vhi's Electric Charge    Tloc/Air       40%        N/A       19%         3
 Ignite Poison            Fire/Tmut/Pois 17%        N/A       22%         3
 Spider Form              Tmut/Pois      13%        N/A       28%         3
 Vampiric Draining        Necr           13%        2d6       28%         3
 Iskenderun's Mystic Bla  Conj/Tloc      26%        2d7       36%         4
 Manifold Assault         Tloc           26%        N/A       36%         4
 Flame Wave               Conj/Fire      25%        2d8       38%         4
 Sticky Flame             Conj/Fire      25%        2d5       38%         4
 Ice Form                 Ice/Tmut       19%        N/A       52%         4
 Freezing Cloud           Conj/Ice/Air   10%        6-21      83%         5
 Arcjolt                  Conj/Air       9%         1d19      86%         5
 Lightning Bolt           Conj/Air       9%         1d22      86%         5
 Summon Forest            Summ/Tloc      10%        N/A       86%         5
 Agony                    Necr           13%        N/A       95%         5
 Blade Hands              Tmut           6%         N/A       95%         5
 Dispersal                Tloc           13%        N/A       99%         6
 Starburst                Conj/Fire      12%        6d5       99%         6
 Simulacrum               Ice/Necr       9%         N/A       100%        6
 Summon Cactus Giant      Summ           6%         N/A       100%        6
 Ozocubu's Refrigeration  Ice            12%        4d10      100%        7
 Summon Hydra             Summ           6%         N/A       100%        7
 Disjunction              Tloc           13%        N/A       100%        8


Dungeon Overview and Level Annotations

Branches:
Dungeon (15/15)            Temple (1/1) D:4            Lair (5/5) D:11
 Shoals (2/4) Lair:3       Spider (4/4) Lair:3        Slime (0/5) Lair:4
    Orc (2/2) D:11            Elf (0/3) Orc:2        Vaults (0/5) D:14
 Depths (0/4) D:15        Gauntlet (visited)

Altars:
Ashenzari
Cheibriados
Dithmenos
Elyvilon
Fedhas
Gozag
Hepliaklqana
Kikubaaqudgha
Makhleb
Nemelex Xobeh
Okawaru
Qazlal
Ru
Sif Muna
Trog
Uskayaw
Vehumet
Wu Jian
Xom
Yredelemnul
Zin
The Shining One

Shops:
D:3 :   D:5 [   D:9 ?   D:11 (   D:15 **   Orc:2 !([(

Portals:
Abyss: D:12
Trove: D:10 (give 7 scrolls of blinking)

Annotations:
Spider:2 3 runed translucent doors, avis's ghost, journeyman DgHu


Innate Abilities, Weirdness & Mutations

Your serpentine skin is tough. (AC +6)
You have supernaturally acute eyesight. (SInv)
Armour fits poorly on your strangely shaped body.
Your system is resistant to poisons. (rPois)
You cover ground very slowly.
You can spit poison.
You can use your snake-like lower body to constrict enemies.


Message History

A water nymph comes into view.
The satyr plays a lulling melody on his pipes!
You fall asleep.
You lose your grip on the satyr.
The satyr plays a frightful melody on his pipes!
The satyr radiates an aura of fear!
You are terrified of the satyr!
The water nymph touches you. The water nymph drowns you!
You wake up.
* * * LOW HITPOINT WARNING * * *
Splash!
You fall into the shallow water.
The satyr shoots an arrow.
The arrow closely misses you.
You feel much better. The water nymph closely misses you.
The satyr shoots an arrow.
You block the arrow.
Press: ? - help, v - describe, . - travel, g - get item
Here: a satyr, wielding a +0 longbow (black smoke, severely wounded, inspiring fear, umbra)
Items here: a +0 club; a +0 sling; a faun corpse.
Some shallow water.
Unknown command.
Casting: Fulminant Prism (mildly dangerous; 3% risk of failure)
Confirm with . or Enter, or press ? or * to list all spells.
Aiming: Enfeeble (dangerous; 21% risk of failure)
Press: ? - help, Shift-Dir - straight line, f - satyr
Aim: a satyr, wielding a +0 longbow (black smoke, severely wounded, inspiring fear, umbra, will inflict weakness and antimagic, chance to daze and blind: 97%)
The satyr is enfeebled!
You feel your willpower return. The water nymph touches you.
The water nymph drowns you!
* * * LOW HITPOINT WARNING * * *
Splash!
You fall into the shallow water.
The satyr is lost in a daze.
You strike the helpless satyr from behind!
You puncture the satyr! You grab the satyr.
The satyr is almost dead.
You constrict the satyr.
Okay, then.
You attempt to attack the satyr, but flinch away in fear!
You constrict the satyr.
The water nymph points at you and mumbles some strange words.
The water swirls and strikes you!!!
You die...

~ P~ ≈~~ . ≈≈≈~ ..
≈≈~~) #.~.
P~~~~.#### ...~.
~~~~~§§@m###....~~
~~~~~§§c§.<...~~~~
~~≈≈~§§~§...~~~~~≈
~~≈≈~~§~§~~~~~~.~≈
≈≈≈≈≈~~.§.~~~~~~~≈
≈≈≈≈~~~.###..~~~≈≈
≈≈~~.!..# ##~~≈≈≈
≈≈~.###.# .~≈≈≈ c.
## .~~~≈


You could see a satyr (scary, blind, dazed, weak, magic disrupted) and a water
nymph.

Vanquished Creatures
  Arachne (Spider:3)
  Jorgrun (D:12)
  Polyphemus (Shoals:2)
  7 ghost moths
  4 emperor scorpions
  An ironbound preserver (D:14)
  An orc warlord (Orc:2)
  Azrael (Orc:2)
  2 dire elephants (Spider:4)
  A spark wasp (Spider:3)
  Snorg (D:12)
  The ghost of oldmanjim the Thaumaturge, a journeyman DjCj of Makhleb (Lair:3)
  A minotaur (Gauntlet)
  The ghost of Coahuwom the Blocker, a journeyman FoFi of Okawaru (D:12)
  Josephine (Lair:4)
  5 entropy weavers
  Harold (Orc:1)
  A rakshasa (D:12)
  Fannar (Lair:1)
  8 hydras
  3 catoblepae
  5 jorogumos
  An alligator snapping turtle (Shoals:1)
  A radroach (Spider:4)
  4 centaur warriors
  4 boulder beetles
  3 two-headed ogres
  A tengu warrior (D:15)
  2 death scarabs (Gauntlet)
  Urug (D:13)
  4 death yaks (Shoals:2)
  2 orc high priests (Orc:2)
  A deep elf knight (Spider:4)
  5 skeletal warriors (D:14)
  5 pharaoh ants
  A sun demon (D:12)
  4 sun moths
  3 sea snakes (Shoals:1)
  2 wizards (D:15)
  A spectral hydra (Gauntlet)
  7 orb spiders
  2 steelbarb worms (Spider:3)
  A necromancer (D:15)
  3 orc knights
  A wolf spider zombie (D:15)
  5 deep elf pyromancers
  6 orc sorcerers
  7 manticores
  Pikel (D:6)
  25 wolf spiders
  11 ugly things (D:14)
  8 fauns
  5 cyclopes
  3 moths of wrath
  Maurice (D:8)
  2 worldbinders (D:12)
  A centaur zombie (D:15)
  6 elephants (Lair:3)
  9 demonic crawlers
  2 gargoyles
  A water nymph (Shoals:1)
  3 black mambas
  A torpor snail (Lair:2)
  20 cane toads
  2 merfolk sirens
  2 molten gargoyles (Gauntlet)
  A rime drake (Lair:2)
  A centaur skeleton (D:15)
  An unseen horror (shapeshifter) (D:14)
  2 efreet (D:15)
  An ice devil (Gauntlet)
  4 yaktaurs (D:15)
  Psyche (D:8)
  9 komodo dragons
  2 freezing wraiths
  3 merfolk (Shoals:1)
  5 trolls
  12 meliai
  A polar bear (Lair:2)
  A queen bee (Lair:3)
  Prince Ribbit (D:9)
  2 hornets (Lair:3)
  2 raiju (shapeshifter)
  4 tyrant leeches (Lair:5)
  27 blink frogs
  A wind drake (Lair:3)
  A blink frog (shapeshifter) (D:14)
  28 tarantellas
  2 raiju
  2 snapping turtles (Shoals:1)
  2 centaur simulacra (D:15)
  3 dancing weapons (Orc:2)
  A spectral black mamba (Gauntlet)
  4 water elementals (D:15)
  22 jumping spiders
  2 wyverns
  41 yaks
  14 culicivoras
  2 fire elementals (Orc:2)
  3 shadows
  6 wraiths
  10 basilisks
  50 redbacks
  11 vampire mosquitoes
  A steam dragon (D:8)
  2 wargs
  Duvessa (D:5)
  An acid dragon (D:14)
  3 hell hounds (Orc:2)
  12 water moccasins
  4 black bears
  5 ogres
  28 orc warriors
  A large abomination (D:12)
  13 centaurs
  A phantom (D:4)
  19 bullfrogs
  A kobold brigand (D:9)
  2 gnoll sergeants
  3 scorpions
  3 necrophages
  4 wights
  Dowan (D:5)
  9 killer bees
  4 electric eels
  A lava snake (D:11)
  7 hounds
  18 orc priests
  2 jellies
  Jessica (D:3)
  18 orc wizards
  An iguana (D:5)
  19 gnolls
  12 adders
  5 shadow imps
  4 white imps
  4 ufetubi
  4 worms (D:4)
  65 orcs
  7 ball pythons
  7 bats
  7 endoplasms
  4 giant cockroaches
  13 goblins
  8 hobgoblins
  3 jackals (D:1)
  5 quokkas
  A frilled lizard (D:3)
  6 kobolds
  A rat (D:1)
  A butterfly (Lair:5)
856 creatures vanquished.

Vanquished Creatures (collateral kills)
  A centaur warrior (D:15)
  A spectral death yak (Gauntlet)
  A sun moth (Spider:4)
  An ugly thing (D:15)
  A manticore (D:15)
  A cane toad (Lair:1)
  Maggie (D:8)
  A blink frog (Lair:4)
  A culicivora (Spider:4)
  Eustachio (D:6)
  A spectral komodo dragon (Gauntlet)
  A basilisk (Lair:4)
  A redback (Spider:4)
  A warg (Orc:2)
  4 orc warriors
  A centaur (D:11)
  2 orc wizards
  A gnoll (D:6)
  19 orcs
41 creatures vanquished.

Vanquished Creatures (others)
  A deep elf archer (Spider:4)
  12 dancing weapons
  A tarantella (shapeshifter) (D:15)
  An electric eel (D:15)
  A butterfly (Lair:5)
  17 fulminant prisms
  50 fungi
  90 plants
  14 withered plants (Gauntlet)
187 creatures vanquished.

Grand Total: 1084 creatures vanquished

Notes
Turn   | Place    | Note
-------+----------+-------------------------------------------
     0 | D:1      | Khashishi the Naga Enchanter began the quest for the Orb.
     0 | D:1      | Reached XP level 1. HP: 15/15 MP: 3/3
   130 | D:1      | Reached XP level 2. HP: 22/22 MP: 5/5
   137 | D:1      | Learned a level 2 spell: Ensorcelled Hibernation
   330 | D:1      | Reached XP level 3. HP: 28/28 MP: 6/6
   338 | D:1      | Reached skill level 5 in Stealth
   986 | D:2      | Reached skill level 1 in Ice Magic
   986 | D:2      | Reached XP level 4. HP: 24/36 MP: 7/7
   997 | D:2      | Learned a level 3 spell: Confusing Touch
  1001 | D:2      | Learned a level 3 spell: Tukima's Dance
  1367 | D:2      | Identified the +6 hand axe "Idenev" {protect, *Slow +Blink
                  | Int+3 Stlth+}
  1500 | D:2      | Reached XP level 5. HP: 22/42 MP: 2/9
  1583 | D:3      | Found a bloodstained altar of Trog.
  1633 | D:3      | Found a transporter.
  1721 | D:3      | Found a transporter.
  1722 | D:3      | Noticed Jessica
  1730 | D:3      | Killed Jessica
  1739 | D:3      | Found Omouthea's Book Shoppe.
  1847 | D:3      | Reached skill level 6 in Stealth
  1863 | D:3      | Found a shimmering altar of Xom.
  2011 | D:4      | Reached skill level 1 in Fighting
  2011 | D:4      | Reached XP level 6. HP: 51/51 MP: 10/10
  2015 | D:4      | Learned a level 3 spell: Dazzling Flash
  2024 | D:4      | Found a staircase to the Ecumenical Temple.
  2028 | Temple   | Entered the Ecumenical Temple
  2028 | Temple   | Found a transporter.
  2028 | Temple   | Found a transporter.
  2030 | Temple   | Found a transporter.
  2030 | Temple   | Found a transporter.
  2065 | Temple   | Became a worshipper of Dithmenos the Shadowed
  2111 | D:4      | Found a large runed translucent door.
  2111 | D:4      | Found a large runed translucent door.
  2126 | D:4      | Reached skill level 1 in Axes
  2356 | D:3      | Reached skill level 1 in Conjurations
  2452 | D:4      | Reached * piety under Dithmenos
  2502 | D:4      | Reached XP level 7. HP: 58/58 MP: 10/12
  2750 | D:4      | Found a hazy altar of Hepliaklqana.
  2764 | D:4      | Found a basalt altar of Yredelemnul.
  2809 | D:5      | Entered Level 5 of the Dungeon
  2841 | D:5      | Reached skill level 7 in Stealth
  2851 | D:5      | Learned a level 2 spell: Blink
  2900 | D:5      | Noticed Duvessa
  2901 | D:5      | Noticed Dowan
  2914 | D:5      | Killed Dowan
  2916 | D:5      | Killed Duvessa
  2917 | D:5      | Reached skill level 1 in Translocations
  2917 | D:5      | Reached XP level 8. HP: 45/68 MP: 7/13
  2964 | D:5      | Found a burning altar of Makhleb.
  3079 | D:5      | Found a white marble altar of Elyvilon.
  3207 | D:5      | Reached skill level 5 in Hexes
  3390 | D:5      | Found a stormy altar of Qazlal.
  3668 | D:5      | Found Uppol's Armour Boutique.
  3678 | D:5      | Bought a +0 cloak of willpower for 126 gold pieces
  3801 | D:6      | Reached skill level 8 in Stealth
  3849 | D:6      | Found an ancient bone altar of Kikubaaqudgha.
  3857 | D:6      | Noticed Pikel
  3873 | D:6      | Killed Pikel
  3874 | D:6      | Reached XP level 9. HP: 54/78 MP: 2/16
  3943 | D:6      | Found a broken altar of Ashenzari.
  3985 | D:6      | Reached ** piety under Dithmenos
  4005 | D:6      | Found a glowing golden altar of the Shining One.
  4014 | D:6      | Reached skill level 9 in Stealth
  4032 | D:6      | Reached skill level 5 in Spellcasting
  4202 | D:6      | Noticed Eustachio
  4220 | D:6      | Killed Eustachio
  4577 | D:7      | Found a shimmering blue altar of Sif Muna.
  4681 | D:7      | Reached skill level 5 in Axes
  4685 | D:7      | Reached skill level 5 in Fighting
  4685 | D:7      | Reached skill level 10 in Stealth
  5179 | D:8      | Noticed Psyche
  5192 | D:8      | Killed Psyche
  5193 | D:8      | Reached XP level 10. HP: 33/88 MP: 9/18
  5362 | D:8      | Reached skill level 1 in Armour
  5654 | D:8      | Noticed Maurice
  5678 | D:8      | Killed Maurice
  5884 | D:8      | Reached *** piety under Dithmenos
  5924 | D:8      | Noticed Maggie
  5933 | D:8      | Killed Maggie
  5934 | D:8      | Reached skill level 11 in Stealth
  6174 | D:9      | Reached skill level 1 in Evocations
  6194 | D:9      | Noticed Prince Ribbit
  6205 | D:9      | Reached skill level 1 in Polearms
  6208 | D:9      | Killed Prince Ribbit
  6583 | D:9      | Found an iron altar of Okawaru.
  6781 | D:9      | Noticed a two-headed ogre
  6793 | D:9      | Killed a two-headed ogre
  6850 | D:9      | Found an opulent altar of Gozag.
  7045 | D:9      | Reached XP level 11. HP: 93/100 MP: 16/20
  7377 | D:9      | Found Fiosm's Magic Scroll Shop.
  7502 | D:10     | Entered Level 10 of the Dungeon
  7636 | D:10     | Noticed a two-headed ogre
  7650 | D:10     | Killed a two-headed ogre
  7867 | D:10     | Reached skill level 5 in Evocations
  7885 | D:10     | Found a portal to a secret trove of treasure.
  7899 | D:10     | Reached skill level 5 in Polearms
  8049 | D:10     | Found a sacrificial altar of Ru.
  8298 | D:10     | Found a blossoming altar of Fedhas.
  8380 | D:11     | Found Josouni's Weapon Emporium.
  8381 | D:11     | Found a staircase to the Orcish Mines.
  8445 | D:11     | Reached **** piety under Dithmenos
  8518 | D:11     | Found a gate leading to a gauntlet.
  8518 | D:11     | Noticed a cyclops
  8524 | D:11     | Killed a cyclops
  8550 | Gauntlet | Entered a Gauntlet
  8550 | Gauntlet | Found a transporter.
  8550 | Gauntlet | Found a transporter.
  8568 | Gauntlet | Found a transporter.
  8570 | Gauntlet | Found a transporter.
  8573 | Gauntlet | Noticed a hell beast
  8581 | Gauntlet | Found a transporter.
  8585 | Gauntlet | Found a transporter.
  8593 | Gauntlet | Noticed a catoblepas
  8595 | Gauntlet | Found a transporter.
  8612 | Gauntlet | Noticed a death scarab
  8616 | Gauntlet | Noticed a spectral death yak
  8622 | Gauntlet | Noticed a death scarab
  8624 | Gauntlet | Noticed a catoblepas
  8625 | Gauntlet | Found a runed translucent gate.
  8626 | Gauntlet | Found a large runed translucent door.
  8626 | Gauntlet | Found a large runed translucent door.
  8627 | Gauntlet | Found a large runed translucent door.
  8628 | Gauntlet | Found a large runed translucent door.
  8629 | Gauntlet | Found a large runed translucent door.
  8629 | Gauntlet | Found a large runed translucent door.
  8629 | Gauntlet | Found a runed translucent door.
  8630 | Gauntlet | Found a large runed translucent door.
  8631 | Gauntlet | Found a large runed translucent door.
  8638 | Gauntlet | Found a transporter.
  8638 | Gauntlet | Found a transporter.
  8638 | Gauntlet | Found a runed translucent gate.
  8639 | Gauntlet | Found a runed translucent door.
  8639 | Gauntlet | Found a runed translucent gate.
  8640 | Gauntlet | Found a large runed translucent door.
  8640 | Gauntlet | Found a large runed translucent door.
  8640 | Gauntlet | Found a large runed translucent door.
  8640 | Gauntlet | Found a large runed translucent door.
  8641 | Gauntlet | Found a large runed translucent door.
  8662 | Gauntlet | Found a transporter.
  8666 | Gauntlet | Found a transporter.
  8680 | Gauntlet | Found a transporter.
  8707 | Gauntlet | Found a large runed translucent door.
  8707 | Gauntlet | Found a large runed translucent door.
  8710 | Gauntlet | Found a large runed translucent door.
  8821 | Gauntlet | Identified a scroll of acquirement
  8821 | Gauntlet | Acquired 868 gold pieces
  8894 | Gauntlet | Identified the ring of Waefex {Will+ Int-4 Dex+6}
  8930 | Gauntlet | Killed a catoblepas
  8980 | Gauntlet | Identified the ring of the Hart {Wiz rElec Str+3 Slay-6}
  9174 | Gauntlet | Killed a spectral death yak
  9180 | Gauntlet | Identified the amulet of Soheit {Acrobat *Corrode Int+7}
  9183 | Gauntlet | Got Sif Muna's Atlas of Cryomancy
  9189 | Gauntlet | Killed a death scarab
  9190 | Gauntlet | Reached XP level 12. HP: 40/115 MP: 21/21
  9191 | Gauntlet | Killed a death scarab
  9425 | Gauntlet | Identified the +1 halberd "Ecas Xogg" {elec, Drain Fly rC++
                  | Int+2}
  9425 | Gauntlet | Noticed a minotaur
  9438 | Gauntlet | Killed a minotaur
  9439 | Gauntlet | Reached skill level 10 in Fighting
  9947 | D:11     | Found a staircase to the Lair.
 10288 | D:12     | Noticed Snorg
 10298 | D:12     | Killed Snorg
 10302 | D:13     | Noticed Urug
 10308 | D:13     | Killed Urug
 10384 | Lair:1   | Entered Level 1 of the Lair of Beasts
 10626 | Lair:1   | Noticed Fannar
 10654 | Lair:1   | Killed Fannar
 11288 | Lair:2   | Reached ***** piety under Dithmenos
 11303 | Lair:2   | Gained mutation: You can use your snake-like lower body to
                  | constrict enemies. [Naga growth]
 11303 | Lair:2   | Reached XP level 13. HP: 65/127 MP: 8/22
 11305 | Lair:2   | Reached skill level 10 in Polearms
 11674 | Lair:2   | Reached skill level 12 in Stealth
 12078 | Lair:3   | Found a staircase to the Shoals.
 12187 | Lair:3   | Found a hole to the Spider Nest.
 12548 | Lair:3   | Found a transporter.
 12548 | Lair:3   | Noticed oldmanjim's ghost (journeyman DjCj)
 12550 | Lair:3   | Found a transporter.
 13139 | Lair:4   | Reached skill level 13 in Stealth
 13794 | Lair:4   | Noticed Josephine
 13855 | Lair:4   | Reached XP level 14. HP: 139/139 MP: 23/23
 13876 | Lair:4   | Killed Josephine
 13956 | Lair:4   | Found a staircase to the Slime Pits.
 14201 | Lair:5   | Entered Level 5 of the Lair of Beasts
 14277 | Lair:5   | Reached skill level 5 in Armour
 14330 | Lair:5   | Reached skill level 5 in Dodging
 14330 | Lair:5   | Reached skill level 14 in Stealth
 14525 | Lair:5   | Reached skill level 15 in Stealth
 15371 | D:12     | Found a transporter.
 15478 | D:12     | You fall into a shaft and drop 1 floor!
 15619 | D:12     | Found a transporter.
 15619 | D:12     | Found a one-way gate to the infinite horrors of the Abyss.
 15619 | D:12     | Noticed Coahuwom's ghost (journeyman FoFi)
 15636 | D:12     | Killed Coahuwom's ghost
 15649 | D:12     | Noticed a white very ugly thing
 15649 | D:12     | Noticed a purple very ugly thing
 15657 | D:12     | Reached skill level 16 in Stealth
 15812 | D:12     | Found a shimmering blue altar of Sif Muna.
 15812 | D:12     | Noticed Jorgrun
 16001 | D:12     | Killed Jorgrun
 16871 | D:14     | Reached skill level 17 in Stealth
 16871 | D:14     | Reached XP level 15. HP: 144/151 MP: 24/24
 17120 | D:14     | Found a gate to the Vaults.
 17158 | D:14     | Reached ****** piety under Dithmenos
 17190 | D:14     | Reached skill level 10 in Hexes
 17318 | D:14     | Reached skill level 18 in Stealth
 17785 | D:15     | Entered Level 15 of the Dungeon
 18183 | D:15     | Found Wuleruom's Specific Store.
 18186 | D:15     | Found Vaymom's General Store.
 18317 | D:15     | Reached skill level 1 in Shields
 18620 | D:15     | Found a staircase to the Depths.
 18778 | Orc:1    | Entered Level 1 of the Orcish Mines
 18976 | Orc:2    | Entered Level 2 of the Orcish Mines
 19063 | Orc:2    | Noticed Azrael
 19074 | Orc:2    | Killed Azrael
 19105 | Orc:2    | Reached skill level 5 in Shields
 19190 | Orc:2    | Found Zoyzeyg's Weapon Boutique.
 19599 | Orc:2    | Noticed an orc warlord
 19604 | Orc:2    | Killed an orc warlord
 19655 | Orc:2    | Found Xagunk's Antique Armour Shop.
 19656 | Orc:2    | Found Wouxzek's Antique Weapon Boutique.
 19678 | Orc:2    | Bought a smelly chain mail for 285 gold pieces
 19678 | Orc:2    | Identified the +1 chain mail of Vonlaul {rN+ Int+2 Stlth+}
                  | (You bought it in a shop on level 2 of the Orcish Mines)
 19678 | Orc:2    | Bought a twisted chain mail for 285 gold pieces
 19678 | Orc:2    | Identified the +0 chain mail of Dogma {Str+4 Int-4} (You
                  | bought it in a shop on level 2 of the Orcish Mines)
 19708 | Orc:2    | Found a staircase to the Elven Halls.
 19911 | Orc:2    | Reached XP level 16. HP: 160/160 MP: 25/25
 20105 | Orc:2    | Found Ineto's Distillery.
 20136 | Orc:2    | Bought a potion of haste for 120 gold pieces
 20136 | Orc:2    | Bought a potion of heal wounds for 60 gold pieces
 20136 | Orc:2    | Bought 2 potions of heal wounds for 120 gold pieces
 20136 | Orc:2    | Bought a potion of might for 48 gold pieces
 20204 | Orc:1    | Noticed Harold
 20237 | Orc:1    | Killed Harold
 20648 | Orc:1    | Learned a level 3 spell: Inner Flame
 20847 | Lair:3   | Killed oldmanjim's ghost
 20933 | Spider:1 | Entered Level 1 of the Spider Nest
 20946 | Spider:1 | Reached skill level 15 in Fighting
 21159 | Spider:1 | Reached skill level 1 in Fire Magic
 21340 | Spider:1 | Identified the ring "Nysm" {rF+ rC- Int+2 Dex+5 Stlth+}
 21549 | Spider:2 | Found a runed translucent gate.
 21549 | Spider:2 | Found a runed translucent gate.
 21549 | Spider:2 | Found a runed translucent gate.
 21938 | Spider:2 | You fall into a shaft and drop 1 floor!
 22005 | Spider:3 | Noticed Arachne
 22011 | Spider:3 | Killed Arachne
 22299 | Spider:2 | Identified the +1 leather armour of Tender Moments {rF+ rN+
                  | Will-}
 22309 | Spider:2 | Noticed avis's ghost (journeyman DgHu)
 23043 | Spider:3 | Paralysed by a jorogumo for 2 turns
 23601 | Spider:4 | Entered Level 4 of the Spider Nest
 23619 | Spider:4 | Reached XP level 17. HP: 156/170 MP: 23/28
 23650 | Spider:4 | Reached skill level 19 in Stealth
 23792 | Spider:4 | Acquired the Tome of Jinxing
 23799 | Spider:4 | Learned a level 4 spell: Fulminant Prism
 23929 | Spider:4 | Learned a level 7 spell: Enfeeble
 24767 | Spider:4 | Got a gossamer rune of Zot
 25594 | Shoals:1 | Entered Level 1 of the Shoals
 25621 | Shoals:1 | Reached skill level 20 in Stealth
 26339 | Shoals:2 | Noticed Polyphemus
 26351 | Shoals:2 | Killed Polyphemus
 26386 | Shoals:2 | Reached XP level 18. HP: 24/180 MP: 10/31
 26394 | Shoals:2 | Killed from afar by a water nymph

Illustrated notes

Levels and vault maps discovered:
D:1:      mrwooster_arrival_statue_3, layout_basic
D:2:      layout_loops_ring, nicolae_titane
D:3:      gammafunk_wand_slinger, layout_rooms,
          mainiacjoe_overflow_catch_the_wave, serial_shops, shop, uniq_jessica
D:4:      layout_rooms, jmf_multi_god_temple2, minmay_temple_entry_steel_oval,
          grunt_ministairs_13
D:5:      layout_gridville, elyvilon_altar_3, lemuel_round_altar,
          nicolae_qazlal_scattered_showers, serial_shops,
          nicolae_lakefront_shop, serial_bayou_lake_a, uniq_duvessa
D:6:      layout_loops_cross, mainiacjoe_overflow_six_doors_small,
          mainiacjoe_overflow_boulevard, mainiacjoe_overflow_cross_hatched,
          uniq_pikel, uniq_eustachio
D:7:      layout_rooms, amcnicky_altar_gilded
D:8:      layout_gridville, grunt_decor_resistance, uniq_maurice, uniq_maggie,
          uniq_psyche
D:9:      layout_layer_cave, lemuel_tele_altar, nicolae_gozag_seed_capital,
          nicolae_take_the_stairs, uniq_prince_ribbit1
D:10:     layout_basic, kennysheep_little_box, marbit_many_paths, enter_trove_1
D:11:     layout_loops_cross, grunt_lair_entry_orc_guard_hut, orc_david_3,
          gauntlet_entry_generic, kennysheep_pointless_box
D:12:     layout_basic, gammafunk_ghost_abyssal_escape,
          nicolae_sif_muna_condensation, uniq_jorgrun, uniq_snorg
D:13:     layout_cave_pods, uniq_urug
D:14:     layout_roguey, skrybe_vaults_entry_preservation
D:15:     grunt_enter_depths_magical_seal, layout_irregular_city, serial_bayou,
          serial_bayou_shore_a, serial_bayou_lagoon_a, serial_bayou_pond_a,
          serial_bayou_pond_b, serial_bayou_ford_a, solitary_fountain,
          nicolae_specific_store, patterned_corridor
Temple:   hellmonk_temple_divided_pantheon
Lair:1:   layout_gridlike, uniq_fannar
Lair:2:   layout_gridlike, chequers_serial_rivers_room_a, grunt_megastairs_5,
          infiniplex_staircase_pool_2
Lair:3:   layout_concentric_octagons, minmay_shoals_entry_beasts,
          spider_nest_entry_webs, gammafunk_ghost_hive
Lair:4:   layout_regular_city, dpeg_slime_entry_enclosed, minivault_25,
          uniq_josephine
Lair:5:   minmay_lair_end_frog_pond, layout_gridlike, lemuel_fruit_fields
Shoals:1: layout_shoals, overgrown_hall
Shoals:2: layout_shoals, uniq_polyphemus
Spider:1: layout_spider_delve
Spider:2: layout_cave_pods, gammafunk_ghost_tricky_traps, drop_trap,
          hangedman_spider_tarantella_strand
Spider:3: layout_cave_pods, uniq_arachne
Spider:4: johnstein_spider_rune_arachne_lair, beargit_elvish_explorers
Orc:1:    layout_caves, uniq_harold
Orc:2:    grunt_orc_community_town_hall, layout_caves,
          grunt_orc_community_big_house_1, grunt_orc_community_big_house_1,
          grunt_orc_community_house_3, grunt_orc_community_house_2,
          grunt_orc_community_house_3, grunt_orc_community_house_3, uniq_azrael

Skill      XL: |  1  2  3  4  5  6  7  8  9 10 11 12 13 14 15 16 17 |
---------------+----------------------------------------------------+-----
Stealth        | 5 6 7 8 10 11 13 17 18 20 | 20.4
Short Blades   | 2 4 |  4.0
Ice Magic      | 1 2 |  2.0
Fighting       | 1 2 4 5 7 9 11 12 14 15 | 15.6
Spellcasting   | 3 4 5 6 7 9 |  9.2
Axes           | 1 2 4 5 |  5.7
Hexes          | 4 5 6 7 8 10 12 14 | 14.4
Conjurations   | 1 2 |  2.0
Translocations | 1 2 |  2.0
Armour         | 1 2 4 5 8 |  8.6
Evocations     | 3 5 |  5.4
Polearms       | 3 7 9 11 12 | 12.3
Dodging        | 2 4 5 |  5.0
Shields        | 6 8 |  8.5
Fire Magic     | 2 |  2.0

Action                     |  1- 3 |  4- 6 |  7- 9 | 10-12 | 13-15 | 16-18 || total
---------------------------+-------+-------+-------+-------+-------+-------++-------
  Melee: Dagger            |    77 |    35 |     9 |    42 |    51 |   122 ||   336
         Hand axe          |       |    60 |   186 |   178 |       |       ||   424
         Punch             |       |     3 |     2 |     5 |    18 |       ||    28
         Lance             |       |       |       |   249 |   978 |   812 ||  2039
         Broad axe         |       |       |       |    27 |    14 |     6 ||    47
         Constrict         |       |       |       |       |   163 |   135 ||   298
  Throw: Dart              |       |       |       |       |    19 |    46 ||    65
   Cast: Ensorcelled Hiber |       |     9 |     9 |    16 |    24 |    15 ||    73
         Tukima's Dance    |       |       |    14 |    30 |    43 |    20 ||   107
         Confusing Touch   |       |       |     1 |     3 |       |       ||     4
         Dazzling Flash    |       |       |     8 |    21 |    14 |    16 ||    59
         Blink             |       |       |     1 |     1 |     5 |     6 ||    13
         Fulminant Prism   |       |       |       |       |       |    17 ||    17
         Inner Flame       |       |       |       |       |       |    13 ||    13
         Enfeeble          |       |       |       |       |       |     7 ||     7
 Invoke: Shadow Step       |       |       |       |       |     4 |     5 ||     9
Ability: Spit Poison       |    26 |    27 |    31 |    24 |    35 |    56 ||   199
  Evoke: Wand              |       |       |     6 |    27 |    68 |    18 ||   119
         Box of beasts     |       |       |       |     2 |     2 |     1 ||     5
         Condenser vane    |       |       |       |     1 |     4 |     3 ||     8
         Lightning rod     |       |       |       |       |       |     5 ||     5
         Phantom mirror    |       |       |       |       |       |     1 ||     1
    Use: Scroll            |       |     7 |     5 |    21 |    12 |     3 ||    48
         Potion            |       |     1 |       |     8 |     4 |    10 ||    23
   Stab: Sleeping          |    10 |    14 |    25 |    37 |    50 |    92 ||   228
         Confused          |       |       |     2 |     1 |     6 |     2 ||    11
         Invisible         |       |       |     9 |    28 |    12 |    24 ||    73
         Distracted        |       |       |       |     3 |     8 |     5 ||    16
         Petrified         |       |       |       |       |     3 |       ||     3
         Petrifying        |       |       |       |       |     1 |       ||     1
 Armour: Robe              |    36 |    42 |   103 |       |       |       ||   181
         Ring mail         |       |       |    27 |    75 |       |       ||   102
         Steam dragon scal |       |       |       |   170 |       |       ||   170
         Troll leather arm |       |       |       |    64 |   364 |   372 ||   800
  Dodge: Dodged            |    34 |    48 |   122 |   264 |   340 |   290 ||  1098
  Block: Kite shield       |       |       |       |       |   100 |   547 ||   647

Table legend: (Time is in decaauts)
 A = Elapsed time spent in this place.
 B = Non-inter-level travel time spent in this place.
 C = Inter-level travel time spent in this place.
 D = Time resting spent in this place.
 E = Time spent auto-exploring this place.
 F = Levels seen in this place.
 G = Mean time per level.
                   A        B        C        D        E       F      G
               +--------+--------+--------+--------+--------+-----+--------+
         Total |  32923 |  30786 |   2137 |   2534 |  18259 |  30 | 1097.4 |
       Dungeon |  16556 |  15483 |   1073 |    915 |  10005 |  15 | 1103.7 |
        Temple |     73 |     61 |     12 |      0 |      2 |   1 |   73.0 |
          Lair |   6557 |   5902 |    655 |    155 |   4028 |   5 | 1311.4 |
        Shoals |    928 |    913 |     15 |     74 |    372 |   2 |  464.0 |
   Spider Nest |   5438 |   5307 |    131 |    762 |   2605 |   4 | 1359.5 |
  Orcish Mines |   2279 |   2030 |    249 |    200 |   1244 |   2 | 1139.5 |
      Gauntlet |   1088 |   1088 |      0 |    427 |      0 |   1 | 1088.0 |
               +--------+--------+--------+--------+--------+-----+--------+

Top non-repeatable levels by time:
Spider:4: 2004 daAuts
  Lair:3: 1796 daAuts
     D:9: 1710 daAuts
   Orc:2: 1567 daAuts
Spider:3: 1403 daAuts
  Lair:4: 1365 daAuts
     D:5: 1340 daAuts
Spider:2: 1338 daAuts
    D:11: 1305 daAuts
     D:8: 1299 daAuts
  Lair:2: 1256 daAuts
    D:10: 1221 daAuts
    D:15: 1164 daAuts
    D:13: 1163 daAuts
  Lair:5: 1146 daAuts
